 Dungeon Crawl Stone Soup version 0.26.1-11-gd32895ea62 (webtiles) character file.

Game seed: 6512284166532935899

2104 nothank2 the Chopper (level 9, -9/78 HPs)
             Began as a Minotaur Fighter on June 22, 2021.
             Was an Initiate of Qazlal.
             Mangled by an orc warrior
             ... wielding a +7 trident
              (12 damage)
             ... on level 6 of the Dungeon.
             The game lasted 00:10:57 (5846 turns).

nothank2 the Chopper (Minotaur Fighter)             Turns: 5846, Time: 00:10:58

Health: -9/78      AC: 10    Str: 30    XL:     9   Next: 7%
Magic:  8/8        EV: 13    Int:  8    God:    Qazlal [......]
Gold:   272        SH: 12    Dex: 10    Spells: 8/8 levels left

rFire    . . .     SeeInvis .   v - +6 war axe of Tumult {freeze, *Corrode Str+6 Int+3}
rCold    . . .     Faith    .   c - +1 kite shield
rNeg     . . .     Spirit   .   g - +3 ring mail
rPois    .         Reflect  .   (helmet restricted)
rElec    .         Harm     .   (no cloak)
rCorr    .         Rampage  .   (no gloves)
Will     .....                  m - +0 pair of boots
Stlth    +.........             (no amulet)
HPRegen  0.23/turn              o - +4 ring of evasion
MPRegen  0.11/turn              u - ring of stealth

@: no status effects
A: retaliatory headbutt, horns 2
a: Renounce Religion


You were on level 6 of the Dungeon.
You worshipped Qazlal.
Qazlal was noncommittal.
You visited 1 branch of the dungeon, and saw 6 of its levels.

You collected 272 gold pieces.

Inventory:

Hand Weapons
 a - a +0 long sword
 s - a +3 spear of freezing
 v - the +6 war axe of Tumult (weapon) {freeze, *Corrode Str+6 Int+3}
   (You found it on level 5 of the Dungeon)

   It has been specially enchanted to freeze those struck by it, causing extra
   injury to most foes and up to half again as much damage against particularly
   susceptible opponents.
   It can also slow down cold-blooded creatures.
   It affects your strength (+6).
   It affects your intelligence (+3).
   It may corrode you when you take damage.
Missiles
 B - 6 atropa-tipped darts (quivered)
Armour
 b - a +0 scale mail
 c - a +1 kite shield (worn)
 g - a +3 ring mail (worn)
 m - a +0 pair of boots (worn)
Jewellery
 e - an uncursed ring of teleportation
 i - an uncursed ring of wizardry
 o - a +4 ring of evasion (left hand)
 t - an uncursed ring of ice
 u - a ring of stealth (right hand)
 z - an uncursed ring of fire
Wands
 q - a wand of flame (15)
 A - a wand of iceblast (16)
Scrolls
 h - 11 scrolls of identify
 n - 6 scrolls of remove curse
 p - a scroll of immolation {unknown}
 w - a scroll of magic mapping {unknown}
 y - a scroll of amnesia {unknown}
Potions
 d - a potion of might
 f - 5 potions of curing
 j - a potion of mutation {unknown}
 k - 2 potions of attraction {unknown}
 l - a potion of ambrosia {unknown}
 r - a potion of flight {unknown}
 x - a potion of haste {unknown}


   Skills:
 + Level 6.8 Fighting
 - Level 7.4 Long Blades
 * Level 7.9 Axes
 - Level 6.0 Armour
 + Level 6.9 Shields


You had 8 spell levels left.
You didn't know any spells.
Your spell library contained the following spells:

 Spells                   Type           Power        Failure   Level
 Magic Dart               Conj           0%           86%         1
 Sandblast                Erth           0%           86%         1
 Blink                    Tloc           N/A          95%         2
 Call Imp                 Summ           0%           95%         2
 Passwall                 Tmut/Erth      0%           95%         2
 Slow                     Hex            0%           95%         2
 Conjure Flame            Conj/Fire      0%           99%         3
 Mephitic Cloud           Conj/Pois/Air  0%           99%         3
 Stone Arrow              Conj/Erth      0%           99%         3
 Petrify                  Tmut/Erth      0%           100%        4
 Lee's Rapid Deconstruct  Erth           0%           100%        5


Dungeon Overview and Level Annotations

Branches:
Dungeon (6/15)             Temple (0/1) D:6

Altars:
Kikubaaqudgha
Qazlal
Beogh

Shops:
D:4 (

Annotations:
D:5 1 runed translucent door


Innate Abilities, Weirdness & Mutations

You reflexively headbutt those who attack you in melee.
You have a pair of horns on your head.


Message History

You block the orc warrior's attack.
Okay, then.
You block the orc warrior's attack.
You hit the orc warrior. You freeze the orc warrior.
You headbutt the orc warrior!
The orc warrior is heavily wounded.
The orc warrior hits you with a +7 trident.
* * * LOW HITPOINT WARNING * * *
Your shield prevents you from hitting the orc warrior.
You headbutt the orc warrior, but do no damage.
The orc warrior is heavily wounded.
The orc warrior closely misses you.
You hit the orc warrior but do no damage.
You headbutt the orc warrior, but do no damage.
The orc warrior is heavily wounded.
You block the orc warrior's attack.
You closely miss the orc warrior.
The orc warrior is heavily wounded.
The orc warrior hits you with a +7 trident!
You die...

###.########### ##.#
##...#8....[_[....8# ##..##
.....#.............#
###..#.#
....##.#8#..8..#8#.#
##...####
...###.###.....###.# ##..>##
...###o...#####....####...##
....##o............#.....##
.....######'''######....##
##...8........)o@..8....#
#......###..######.....#
##..##..###.## #...#..#
#..####.##..# #..##..# #.##
##...## ##.####.# .## #####
#.## ### ## #.# ###


You could see an orc warrior.

Vanquished Creatures
  The ghost of oc3rt the Sneak, a novice KoHu (D:6)
  The ghost of oc3rt the Bolt Thrower, a novice KoAM (D:5)
  A black bear (D:5)
  2 orc warriors (D:6)
  A phantom (D:5)
  2 necrophages
  4 bullfrogs
  A scorpion (D:6)
  3 orc priests
  A hound (D:6)
  A centaur skeleton (D:4)
  An orc wizard (D:6)
  2 iguanas
  3 worker ants
  2 hound skeletons
  2 adders
  8 gnolls
  A river rat (D:5)
  2 shadow imps
  An ufetubus (D:5)
  An adder zombie (D:5)
  7 worms
  2 dart slugs
  3 leopard geckos
  21 orcs
  2 ball pythons
  3 giant cockroaches
  6 goblins
  4 hobgoblins
  5 jackals (D:3)
  A quokka (D:4)
  12 bats
  4 frilled lizards
  5 kobolds
  A quokka skeleton (D:4)
  7 rats
  A rat zombie (D:4)
125 creatures vanquished.

Vanquished Creatures (others)
  16 plants
16 creatures vanquished.

Grand Total: 141 creatures vanquished

Notes
Turn   | Place    | Note
-------+----------+-------------------------------------------
     0 | D:1      | nothank2 the Minotaur Fighter began the quest for the Orb.
     0 | D:1      | Reached XP level 1. HP: 19/19 MP: 0/0
     5 | D:1      | You fall into a shaft and drop 1 floor!
   385 | D:1      | Reached XP level 2. HP: 23/27 MP: 1/1
  1096 | D:2      | Reached XP level 3. HP: 27/33 MP: 2/2
  1327 | D:2      | Reached XP level 4. HP: 19/40 MP: 3/3
  2185 | D:3      | Reached XP level 5. HP: 41/47 MP: 4/4
  2378 | D:3      | Reached skill level 5 in Long Blades
  3413 | D:4      | Found an ancient bone altar of Kikubaaqudgha.
  3658 | D:4      | Found Gireggus's Antique Weapon Emporium.
  3936 | D:5      | Entered Level 5 of the Dungeon
  3966 | D:5      | Noticed a phantom
  4004 | D:5      | Killed a phantom
  4005 | D:5      | Reached XP level 6. HP: 55/55 MP: 5/5
  4021 | D:5      | Reached skill level 5 in Fighting
  4021 | D:5      | Reached skill level 5 in Armour
  4021 | D:5      | Reached skill level 5 in Shields
  4108 | D:5      | Found a runed translucent door.
  4112 | D:5      | Noticed oc3rt's ghost (novice KoAM)
  4128 | D:5      | Reached XP level 7. HP: 57/61 MP: 6/6
  4147 | D:5      | Killed oc3rt's ghost
  4151 | D:5      | Found a runed translucent door.
  4527 | D:5      | Got an ichor-stained war axe
  4528 | D:5      | Identified the +6 war axe of Tumult {freeze, *Corrode Str+6
                  | Int+3} (You found it on level 5 of the Dungeon)
  4606 | D:5      | Found a stormy altar of Qazlal.
  4611 | D:5      | Became a worshipper of Qazlal Stormbringer
  4656 | D:6      | Reached skill level 1 in Axes
  4708 | D:6      | Found a staircase to the Ecumenical Temple.
  4808 | D:6      | Reached XP level 8. HP: 70/70 MP: 7/7
  5356 | D:6      | Identified the +1 plate armour "Ygeso" {+Blink +Inv Dex-5
                  | Stlth+}
  5357 | D:6      | Noticed oc3rt's ghost (novice KoHu)
  5365 | D:6      | Found a runed translucent gate.
  5365 | D:6      | Found a runed translucent gate.
  5366 | D:6      | Found a runed translucent gate.
  5366 | D:6      | Found a roughly hewn altar of Beogh.
  5822 | D:6      | Reached skill level 5 in Axes
  5825 | D:6      | Killed oc3rt's ghost
  5829 | D:6      | Reached XP level 9. HP: 78/78 MP: 8/8
  5843 | D:6      | HP: 2/78 [orc warrior/+7 trident (3)]
  5846 | D:6      | Mangled by an orc warrior

Illustrated notes

Levels and vault maps discovered:
D:1:      eino_arrival_water_cross, layout_loops_ring,
          minmay_misc_feat_nine_boxes
D:2:      layout_loops_corners, chequers_serial_rivers_micro_d
D:3:      layout_basic, serial_bayou_lagoon_b
D:4:      layout_gridville, lemuel_zombie_altar_kikubaaqudgha, serial_shops,
          nicolae_shop_behind_doors, serial_bayou, serial_bayou_shore_b,
          serial_bayou_pond_e, serial_bayou_ford_a, serial_bayou_shore_a
D:5:      black_bear_nest_2, layout_basic, grunt_qazlal_clouds,
          ebering_ghost_sewer_f
D:6:      layout_layer_cave, minmay_temple_entry_waves,
          biasface_ghost_orc_armoury, minmay_microvault

Skill      XL: |  1  2  3  4  5  6  7  8 |
---------------+-------------------------+-----
Fighting       | 4 5 6 |  6.8
Long Blades    | 3 4 5 6 7 |  7.4
Armour         | 4 5 6 |  6.0
Shields        | 4 5 6 |  6.9
Axes           | 1 7 |  7.9

Action                   |  1- 3 |  4- 6 |  7- 9 || total
-------------------------+-------+-------+-------++-------
Melee: Long sword        |    66 |   107 |       ||   173
       Headbutt          |    14 |    29 |    16 ||    59
       Spear             |       |    64 |    33 ||    97
       War axe           |       |       |    71 ||    71
  Use: Potion            |     1 |       |       ||     1
       Scroll            |       |     8 |     1 ||     9
 Stab: Distracted        |       |       |     1 ||     1
Armor: Scale mail        |    10 |       |       ||    10
       Ring mail         |    20 |    44 |    35 ||    99
Dodge: Dodged            |    25 |    44 |    32 ||   101
Block: Kite shield       |    31 |    71 |    56 ||   158
       Rpst.: Long sword |     8 |     8 |       ||    16
